 Dungeon Crawl Stone Soup version 0.23.2-33-g5129a83184 (webtiles) character file.

Game seed: 1867255236964671072

178 Doomgape the Cudgeler (level 5, -10/49 HPs)
             Began as a Gargoyle Fighter on July 14, 2019.
             Blown up by Ijyb (21 damage)
             ... with a wand of disintegration (12)
             ... on level 3 of the Dungeon.
             The game lasted 00:07:48 (2472 turns).

Doomgape the Cudgeler (Gargoyle Fighter)            Turns: 2472, Time: 00:07:48

Health: -10/49     AC: 19    Str: 21    XL:     5   Next: 58%
Magic:  5/5        EV:  2    Int:  8    God:
Gold:   150        SH:  9    Dex:  9    Spells: 4/4 levels left

rFire    . . .     SeeInvis .   a - +1 flail
rCold    . . .     Gourm    .   c - +0 shield
rNeg     + + +     Faith    .   (armour currently unavailable)
rPois    ∞         Spirit   .   (helmet currently unavailable)
rElec    .         Reflect  .   (cloak currently unavailable)
rCorr    .         Harm     .   (gloves currently unavailable)
MR       +....     NoTele   +   (boots currently unavailable)
Stlth    +.........             (no amulet)
HPRegen  0.16/turn              j - ring of protection from magic
MPRegen  0.09/turn              m - -3 ring of protection (curse)

@: tree-form
A: negative energy resistance 1, petrification resistance, rot immunity, AC +4
a: no special abilities


You were on level 3 of the Dungeon.
You were very hungry.
You were a tree.
You visited 1 branch of the dungeon, and saw 3 of its levels.

You collected 150 gold pieces.

Inventory:

Hand Weapons
 a - a +1 flail (weapon)
Armour
 b - a +0 scale mail (melded)
 c - a +0 shield (worn)
 o - a +2 cloak (melded)
Jewellery
 j - a ring of protection from magic (left branch)
 m - a cursed -3 ring of protection (right branch)
Scrolls
 k - 2 scrolls of teleportation
 n - a scroll of enchant weapon
 p - 4 scrolls of identify
 q - a scroll of remove curse {unknown}
 r - a scroll of magic mapping
Potions
 d - a potion of curing {unknown}
 e - 3 potions of flight
 g - a potion of heal wounds {unknown}
 h - a potion of agility {unknown}
 i - a potion of mutation {unknown}
 l - a potion of haste
Comestibles
 f - 6 rations


   Skills:
 - Level 3.8 Fighting
 + Level 4.7 Maces & Flails
 - Level 3.6 Armour
 - Level 0.1 Dodging
 - Level 3.8 Shields


You had 4 spell levels left.
You didn't know any spells.
Your spell library contained the following spells:

 Spells                   Type           Power        Failure   Level  Hunger
 Corpse Rot               Necr           N/A          95%         2    ###....
 Stone Arrow              Conj/Erth      #.....       99%         3    ####...
 Leda's Liquefaction      Hex/Erth       #.........   100%        4    #####..
 Summon Forest            Summ/Tloc      #.........   100%        5    ######.
 Hydra Form               Tmut           #.........   100%        6    #######
 Summon Hydra             Summ           #.........   100%        7    #######


Dungeon Overview and Level Annotations

Branches:
Dungeon (3/15)

Altars:

Annotations:
D:3 Ijyb


Innate Abilities, Weirdness & Mutations

You are resistant to torment.
((Your stone body is resilient. (AC +4)))
You are immune to poison.
You resist negative energy. (rN+)
((You are resistant to electric shocks. (rElec)))
((You can survive without breathing.))
You are immune to petrification.
You are immune to rotting.


Message History

You hit Ijyb.
Ijyb is heavily wounded.
Ijyb zaps a wand.
You are blasted!
* * * LOW HITPOINT WARNING * * *
You hit Ijyb but do no damage.
Ijyb is heavily wounded.
Ijyb hits you but does no damage.
You closely miss Ijyb.
Ijyb is heavily wounded.
Ijyb hits you but does no damage. x2
You barely miss Ijyb.
Ijyb is heavily wounded.
You block Ijyb's attack.
You hit Ijyb.
Ijyb is severely wounded.
You block Ijyb's attack.
You barely miss Ijyb.
Ijyb is severely wounded.
Ijyb zaps a wand.
You are blasted!
You die...

#.......
##.....#..
... #..
#..####
#.....#
#.....#
#..g..#
#..♣..#
#.....#
#.....#
####.....#
.........#
.......#.#
........#.#
........#.#
........#.#


You could see Ijyb.

Vanquished Creatures
  A centaur (D:2)
  An orc wizard (D:3)
  An adder (D:2)
  An ooze (D:2)
  2 worms (D:2)
  A dart slug (D:1)
  2 leopard geckos
  8 orcs
  2 bats (D:1)
  A giant cockroach (D:1)
  5 goblins
  6 hobgoblins
  2 frilled lizards
  9 kobolds
  4 rats
46 creatures vanquished.

Notes
Turn   | Place    | Note
-------+----------+-------------------------------------------
     0 | D:1      | Doomgape the Gargoyle Fighter began the quest for the Orb.
     0 | D:1      | Reached XP level 1. HP: 14/14 MP: 1/1
    53 | D:1      | Reached XP level 2. HP: 18/19 MP: 2/2
   873 | D:2      | Reached XP level 3. HP: 19/23 MP: 3/3
   947 | D:2      | You fall through a shaft!
   990 | D:3      | Reached skill level 3 in Maces & Flails
   990 | D:3      | Reached XP level 4. HP: 10/29 MP: 4/4
  1646 | D:2      | Noticed a centaur
  1658 | D:2      | Killed a centaur
  1658 | D:2      | Reached skill level 4 in Maces & Flails
  1658 | D:2      | Reached XP level 5. HP: 4/33 MP: 5/5
  2458 | D:3      | Noticed Ijyb
  2472 | D:3      | Blown up by Ijyb

Skill      XL: |  1  2  3  4 |
---------------+-------------+-----
Maces & Flails | 3 4 |  4.7
Fighting       | |  3.8
Armour         | |  3.6
Dodging        | |  0.1
Shields        | |  3.8

Action                   |  1- 3 |  4- 6 || total
-------------------------+-------+-------++-------
Melee: Flail             |   115 |    54 ||   169
  Use: Scroll            |     5 |       ||     5
       Potion            |     1 |     2 ||     3
  Eat: Chunk             |       |     4 ||     4
Armor: Scale mail        |    66 |    17 ||    83
       Skin              |       |     3 ||     3
Dodge: Dodged            |    33 |    11 ||    44
Block: Shield            |    64 |    21 ||    85
